 Dungeon Crawl Stone Soup version 0.24.1-4-ge52af88ad5 (webtiles) character file.

Game seed: 17851793964172335701, levelgen mode: deterministic

32 RYPANIE the Charmwright (level 3, -4/27 HPs)
             Began as a Vampire Skald on Apr 12, 2020.
             Slain by a phantom (8 damage)
             ... on level 2 of the Dungeon.
             The game lasted 00:03:06 (1362 turns).

RYPANIE the Charmwright (Vampire Skald)             Turns: 1362, Time: 00:03:06

Health: -4/27      AC:  3    Str: 10    XL:     3   Next: 10%
Magic:  0/6        EV: 12    Int: 16    God:
Gold:   102        SH:  0    Dex: 13    Spells: 2/6 levels left

rFire    . . .     SeeInvis +   d - +2 dagger (venom)
rCold    . . .     Gourm    .   (no shield)
rNeg     . . .     Faith    .   b - +0 leather armour
rPois    .         Spirit   .   (no helmet)
rElec    .         Reflect  .   (no cloak)
rCorr    .         Harm     .   (no gloves)
MR       .....                  (no boots)
Stlth    +.........             (no amulet)
HPRegen  0.29/turn              (no ring)
MPRegen  0.10/turn              (no ring)

@: infused, regenerating quickly
A: no food, fangs 3, see invisible, unbreathing
a: Exsanguinate


You were on level 2 of the Dungeon.
You were alive.

You visited 1 branch of the dungeon, and saw 2 of its levels.

You collected 102 gold pieces.

Inventory:

Hand Weapons
 a - a +0 falchion
 d - a +2 dagger of venom (weapon)
Armour
 b - a +0 leather armour (worn)
Scrolls
 e - a scroll of amnesia
 g - a scroll of teleportation
 h - a scroll of magic mapping {unknown}
 i - a scroll of remove curse
 j - a scroll of immolation {unknown}
 m - a scroll of enchant armour {unknown}
Potions
 c - a potion of invisibility {unknown}
 f - 2 potions of curing
 l - a potion of might {unknown}


   Skills:
 * Level 2.2 Fighting
 * Level 2.3 Long Blades
 + Level 1.1 Armour
 * Level 2.6 Dodging
 + Level 2.1 Spellcasting
 * Level 3.5 Charms


You had 2 spell levels left.
You knew the following spells:

 Your Spells              Type           Power        Failure   Level  Hunger
a - Infusion              Chrm           ##..         6%          1    N/A
b - Regeneration          Chrm/Necr      #.........   38%         3    N/A

Your spell library contained the following spells:

 Spells                   Type           Power        Failure   Level  Hunger
 Song of Slaying          Chrm           ##......     10%         2    N/A
 Shroud of Golubria       Chrm/Tloc      #.....       21%         2    N/A
 Spectral Weapon          Hex/Chrm       #.......     38%         3    N/A

Dungeon Overview and Level Annotations

Branches:
Dungeon (2/15)

Altars:
Ashenzari

Annotations:
D:2 1 runed translucent door, Crazy Yiuf


Innate Abilities, Weirdness & Mutations

You do not eat.
Your natural rate of healing is unusually fast.
You have razor-sharp teeth.
You have supernaturally acute eyesight. (SInv)
You can survive without breathing.


Message History

* * * LOW HITPOINT WARNING * * *
You hit the phantom. Your bite misses the phantom.
The phantom is severely damaged.
The phantom blinks!
As you read the scroll labeled NEK SECZYGI, it crumbles to dust.
You feel blessed for a moment.
It was a scroll of remove curse.
As you read the scroll labeled SUVVIO ROUNO, it crumbles to dust.
You hear a loud clanging noise!
It was a scroll of noise.
You hit the phantom. Your bite misses the phantom.
The phantom is almost destroyed.
The phantom barely misses you.
You barely miss the phantom.
The phantom is almost destroyed.
The phantom hits you.
* * * LOW HITPOINT WARNING * * *
You hit the phantom but do no damage.
The phantom is almost destroyed.
The phantom hits you!
You die...

.# .# ############
.#############...........
#####.##......................
##.......%.?.W@......##########
##..<##.##.#########..# #
#.....†..#.# #..# #
##..(...#...# ###..# #
..........### #....# #
.....8......# #%##.##########
#...8_8.###.# #.##...........
#....8..# #.# #.#############
#.#.....###.# #......#


You could see a phantom.

Vanquished Creatures
  2 dart slugs (D:1)
  5 bats
  2 giant cockroaches
  3 goblins (D:1)
  4 hobgoblins
  3 kobolds (D:1)
  A frilled lizard (D:2)
  7 rats
27 creatures vanquished.

Notes
Turn   | Place    | Note
-------+----------+-------------------------------------------
     0 | D:1      | RYPANIE the Vampire Skald began the quest for the Orb.
     0 | D:1      | Reached XP level 1. HP: 16/16 MP: 3/3
   253 | D:1      | Reached XP level 2. HP: 17/22 MP: 0/5
   255 | D:1      | Reached skill level 1 in Armour
   261 | D:1      | Found a shattered altar of Ashenzari.
   875 | D:2      | Found a faded altar of an unknown god.
   934 | D:2      | Found a runed translucent door.
   935 | D:2      | Noticed Crazy Yiuf
  1007 | D:2      | Reached XP level 3. HP: 26/27 MP: 6/6
  1012 | D:2      | Learned a level 3 spell: Regeneration
  1055 | D:2      | Noticed a phantom
  1362 | D:2      | Slain by a phantom

Levels and vault maps discovered:
D:1:      elethiomel_arrival_shortcut, layout_loops_corners, ashenzari_altar_1
D:2:      layout_loops_ring, chequers_ecumenical_altar_simple, first_ration,
          uniq_crazy_yiuf_cottage

Skill      XL: |  1  2 |
---------------+-------+-----
Armour         | 1 |  1.1
Fighting       | 2 |  2.2
Long Blades    | |  2.3
Dodging        | |  2.6
Spellcasting   | |  2.1
Charms         | |  3.5

Action                   || total
-------------------------++-------
Melee: Dagger            ||    80
       Falchion          ||     6
       Bite              ||     9
 Cast: Infusion          ||     3
  Use: Scroll            ||     4
       Potion            ||     1
 Stab: Sleeping          ||     1
Armor: Leather armour    ||    21
Dodge: Dodged            ||    37
